 Dungeon Crawl Stone Soup version 0.22-a0-247-gbddf880757 (webtiles) character file.

7021 NooBeakApe the Geomancer (level 10, -13/81 HPs)
             Began as a Demigod Earth Elementalist on Feb 26, 2018.
             Mangled by a blink frog (16 damage)
             ... while paralysed
             ... on level 1 of the Lair of Beasts.
             The game lasted 00:30:52 (11753 turns).

NooBeakApe the Geomancer (DgEE)                    Turns: 11753, Time: 00:30:53

Health: -13/81     AC:  9    Str: 11    XL:     10   Next: 53%
Magic:  1/37       EV:  2    Int: 32    God:
Gold:   110        SH:  0    Dex: 16    Spells: 5/20 levels left

rFire    . . .     SeeInvis .   G - staff of power
rCold    . . .     Gourm    .   w - +2 shield
rNeg     . . .     Faith    .   J - +0 robe of Discretion {*Corrode Int+7} (curse)
rPois    +         Spirit   .   x - +1 helmet
rElec    .         Reflect  .   D - +0 cloak
rCorr    .         Harm     .   i - +0 pair of gloves
MR       +....     Clarity  +   (no boots)
Stlth    ++........             (no amulet)
HPRegen  0.23/turn              s - +4 ring of protection
MPRegen  0.25/turn              A - ring of poison resistance

@: paralysed, berserk cooldown, slowed
A: blurry vision 1, clarity, deformed body, high mp 1
a: no special abilities


You were on level 1 of the Lair of Beasts.
You were not hungry.

You visited 2 branches of the dungeon, and saw 10 of its levels.

You collected 380 gold pieces.
You spent 270 gold pieces at shops.

Inventory:

Missiles
 b - 90 stones (quivered)
Armour
 i - a +0 pair of gloves (worn)
 w - a +2 shield (worn)
 x - a +1 helmet (worn)
 D - a +0 cloak (worn)
 J - the cursed +0 robe of Discretion (worn) {*Corrode Int+7}
   (You bought it in a shop on level 4 of the Dungeon)

   It affects your intelligence (+7).
   It may corrode you when you take damage.
   It has a curse placed upon it.
Magical Staves
 G - an uncursed staff of power (weapon)
Jewellery
 s - a +4 ring of protection (left hand)
 A - a ring of poison resistance (right hand)
 E - an uncursed ring of flight
Wands
 r - a wand of scattershot (8)
 u - a wand of random effects (45)
 B - a wand of flame (21)
 H - a wand of polymorph (12)
Scrolls
 a - 9 scrolls of remove curse
 g - 2 scrolls of amnesia {unknown}
 k - 3 scrolls of immolation
 l - a scroll of summoning {unknown}
 m - a scroll of enchant armour {unknown}
 n - 2 scrolls of blinking
 o - 3 scrolls of fog {unknown}
 q - 2 scrolls of teleportation {unknown}
 y - 4 scrolls of random uselessness {unknown}
 z - a scroll of magic mapping {unknown}
 F - a scroll of enchant weapon {unknown}
Potions
 f - 3 potions of might
 h - a potion of curing
 j - 2 potions of agility
 t - 2 potions of haste
 v - 3 potions of brilliance
 C - a potion of heal wounds
 I - 2 potions of degeneration {unknown}
Comestibles
 c - 4 chunks of flesh
 d - 25 rations


   Skills:
 + Level 5.4 Fighting
 - Level 2.0 Armour
 - Level 2.0 Dodging
 - Level 3.0 Stealth
 + Level 6.5 Shields
 + Level 5.7 Spellcasting
 - Level 3.0 Conjurations
 - Level 3.0 Transmutations
 * Level 10.0 Earth Magic


You had 5 spell levels left.
You knew the following spells:

 Your Spells              Type           Power        Failure   Level  Hunger
a - Sandblast             Erth           ######       1%          1    None
b - Passwall              Tmut/Erth      ######....   1%          2    None
c - Stone Arrow           Conj/Erth      ######       3%          3    None
d - Petrify               Tmut/Erth      ######..     10%         4    ###....
e - Lee's Rapid Deconstr  Erth           ######....   6%          5    #####..


Dungeon Overview and Level Annotations

Branches:
Dungeon (9/15)             Temple (0/1) D:6            Lair (1/6) D:8
    Orc (0/2) D:9

Shops:
D:4 [?}   D:6 (   D:8 ?


Innate Abilities, Weirdness & Mutations

You have an increased reservoir of magic. (+10% MP)
Scrolls take you a little longer to read.
You possess an exceptional clarity of mind.
Armour fits poorly on your strangely shaped body.


Message History

A red film seems to cover your vision as you go berserk!
You feel yourself moving faster!
You feel mighty! The blink frog hits you!
* * * LOW HITPOINT WARNING * * *
The blink frog blinks!
You completely miss the blink frog. The blink frog hits you.
* * * LOW HITPOINT WARNING * * *
The blink frog blinks!
You barely miss the blink frog. The blink frog hits you.
* * * LOW HITPOINT WARNING * * *
The blink frog hits you!
* * * LOW HITPOINT WARNING * * *
The blink frog blinks!
The blink frog barely misses you. You block the blink frog's attack.
You feel a strong urge to attack something.
The blink frog hits you but does no damage.
You are no longer berserk.
You pass out from exhaustion.
You feel yourself slow down.
The blink frog blinks!
The blink frog hits you!
You die...

........F.......... #..##
..................# #..P#
....≈♣≈...........########..#
...≈≈≈≈.....................#
≈...≈P≈♣....................##
≈♣....## #####..##.#P###...#
≈♣...§.# #######..########...#
......####.##.##..###.###P..##
.............§.F@...........#
.♣.......†......F...........#
.≈≈.###.##P####.............#
.≈♣♣# ###### #.............#
.≈≈ #..F...........# .≈≈♣
................# .≈≈♣
.................# .≈≈♣
........PP...##..## .≈♣♣
......P≈≈≈≈.≈....#


You could see 3 blink frogs.

Vanquished Creatures
  A two-headed ogre (D:8)
  A spiny frog (Lair:1)
  Prince Ribbit (D:9)
  A hippogriff (D:7)
  5 yaks (Lair:1)
  A hungry ghost (D:9)
  2 water moccasins
  A porcupine (Lair:1)
  An ice beast (D:4)
  2 sky beasts
  An orc warrior (D:4)
  2 necrophages
  A phantom (D:8)
  The ghost of NeonDemon the Grasshopper, an amateur GnWr of Cheibriados (D:5)
  5 ogres
  2 centaurs
  A crocodile (Lair:1)
  2 big kobolds (D:9)
  4 bullfrogs
  2 gnoll sergeants
  4 scorpions
  10 killer bees
  3 wights
  2 howler monkeys
  5 electric eels (Lair:1)
  4 crimson imps
  A bullfrog zombie (D:9)
  2 quasits
  6 hounds
  4 orc priests
  3 jellies
  2 iguanas
  12 orc wizards
  7 worker ants
  2 worker ant zombies (D:6)
  16 gnolls
  2 howler monkey skeletons
  11 adders
  3 shadow imps
  An adder zombie (D:5)
  An adder skeleton (D:4)
  3 worms
  2 dart slugs
  5 leopard geckos
  35 orcs
  A ball python (D:6)
  9 giant cockroaches
  5 goblins
  6 hobgoblins
  20 jackals
  10 kobolds
  4 quokkas
  6 bats
  6 frilled lizards
  2 quokka zombies
  6 rats
258 creatures vanquished.

Notes
Turn   | Place    | Note
-------+----------+-------------------------------------------
     0 | D:1      | NooBeakApe the Demigod Earth Elementalist began the quest for the Orb.
     0 | D:1      | Reached XP level 1. HP: 14/14 MP: 5/5
   393 | D:1      | Reached XP level 2. HP: 20/20 MP: 4/7
   510 | D:1      | Reached skill level 3 in Earth Magic
   696 | D:1      | Learned a level 2 spell: Passwall
   713 | D:2      | Reached skill level 1 in Transmutations
   868 | D:2      | Reached XP level 3. HP: 20/27 MP: 2/8
   876 | D:2      | Learned a level 3 spell: Stone Arrow
  1527 | D:2      | Reached skill level 1 in Fighting
  2156 | D:3      | Reached XP level 4. HP: 30/35 MP: 8/10
  2869 | D:3      | Found a hazy altar of Hepliaklqana.
  2937 | D:4      | Found Qoax's Gadget Shop.
  2972 | D:4      | Found Vilyh's Magic Scroll Shoppe.
  3006 | D:4      | Reached skill level 4 in Earth Magic
  3014 | D:4      | Reached skill level 1 in Shields
  3014 | D:4      | Reached XP level 5. HP: 25/40 MP: 9/11
  3027 | D:4      | Found a bloodstained altar of Trog.
  3067 | D:4      | Bought a scroll of identify for 26 gold pieces
  3074 | D:4      | Gained mutation: Armour fits poorly on your strangely shaped body. [potion of mutation]
  3074 | D:4      | Gained mutation: Scrolls take you a little longer to read. [potion of mutation]
  3074 | D:4      | Gained mutation: You possess an exceptional clarity of mind. [potion of mutation]
  3075 | D:4      | Bought a scroll of identify for 26 gold pieces
  3075 | D:4      | Bought a scroll of identify for 26 gold pieces
  3075 | D:4      | Bought a scroll of identify for 26 gold pieces
  3075 | D:4      | Bought 2 scrolls of identify for 52 gold pieces
  3105 | D:4      | Noticed an orc warrior
  3406 | D:4      | Noticed an ogre
  3420 | D:4      | Killed an ogre
  3420 | D:4      | Reached skill level 1 in Conjurations
  3503 | D:4      | Reached XP level 6. HP: 29/47 MP: 9/13
  4107 | D:4      | Reached skill level 5 in Earth Magic
  4115 | D:4      | Learned a level 4 spell: Petrify
  4142 | D:4      | Found Qokady's Antique Armour Shop.
  4496 | D:4      | Reached XP level 7. HP: 42/52 MP: 0/15
  4935 | D:5      | Entered Level 5 of the Dungeon
  5140 | D:5      | Reached skill level 6 in Earth Magic
  5607 | D:5      | Reached XP level 8. HP: 26/59 MP: 7/17
  5800 | D:5      | Learned a level 5 spell: Lee's Rapid Deconstruction
  6014 | D:5      | Noticed NeonDemon's ghost (amateur GnWr)
  6235 | D:5      | Found a sacrificial altar of Ru.
  6370 | D:5      | Killed NeonDemon's ghost
  6370 | D:5      | Reached skill level 7 in Earth Magic
  6861 | D:6      | Found Uthepn's Antique Weapon Boutique.
  6906 | D:6      | Found a snail-covered altar of Cheibriados.
  6939 | D:6      | Found a glowing golden altar of the Shining One.
  6940 | D:6      | Found a shimmering altar of Xom.
  7003 | D:6      | Found a staircase to the Ecumenical Temple.
  7459 | D:6      | Reached skill level 1 in Armour
  7647 | D:7      | Reached XP level 9. HP: 69/69 MP: 0/18
  8349 | D:8      | Found a staircase to the Lair.
  8364 | D:8      | Reached skill level 8 in Earth Magic
  8434 | D:8      | Reached skill level 5 in Shields
  8568 | D:8      | Found Aseni's Magic Scroll Shoppe.
  8750 | D:8      | Noticed a two-headed ogre
  8758 | D:8      | Killed a two-headed ogre
  9322 | D:8      | Found a white marble altar of Elyvilon.
  9407 | D:9      | Reached skill level 9 in Earth Magic
  9550 | D:9      | Reached XP level 10. HP: 67/80 MP: 8/21
  9744 | D:9      | Noticed Prince Ribbit
  9754 | D:9      | Killed Prince Ribbit
  9754 | D:9      | Reached skill level 5 in Spellcasting
 10609 | D:9      | Found a staircase to the Orcish Mines.
 11271 | D:4      | Bought a smoking robe for 114 gold pieces
 11281 | D:4      | Identified the cursed +0 robe of Discretion {*Corrode Int+7} (You bought it in a shop on level 4 of the Dungeon)
 11350 | Lair:1   | Entered Level 1 of the Lair of Beasts
 11461 | Lair:1   | Reached skill level 5 in Fighting
 11740 | Lair:1   | Reached skill level 10 in Earth Magic
 11749 | Lair:1   | HP: 3/121 [blink frog (14)]
 11753 | Lair:1   | Mangled by a blink frog

Vault maps used:
D:1:      lightli_iron_boxes
D:2:      amethyst_killhole
D:3:      lemuel_crystal_altar, st_stairs_11
D:4:      first_ration, serial_shops, nicolae_shop_statue_plus, shop_scrolls,
          nicolae_shop_trees, trog_three_pillars_becter
D:5:      lemuel_crystal_altar
D:6:      minitemple, minmay_temple_entry_hall, serial_shops, shop_fountains
D:8:      kennysheep_little_box, lair_entry_dummy, serial_shops, shop_scrolls
D:9:      orc_0_dummy, blue_anna_alchemist, uniq_prince_ribbit1
Lair:1:   serial_bayou, serial_bayou_pond_e, serial_bayou_pond_a,
          serial_bayou_pond_c, serial_bayou_lagoon_b

Skill      XL: |  1  2  3  4  5  6  7  8  9 10 |
---------------+-------------------------------+-----
Stealth        | 2 3 |  3.0
Dodging        | 2 |  2.0
Earth Magic    | 3 4 5 6 7 9 10 | 10.0
Spellcasting   | 2 3 4 5 |  5.7
Transmutations | 1 2 3 |  3.0
Fighting       | 1 3 4 5 |  5.4
Shields        | 1 2 3 4 5 6 |  6.5
Conjurations   | 1 2 3 |  3.0
Armour         | 1 2 |  2.0

Action                   |  1- 3 |  4- 6 |  7- 9 | 10-12 || total
-------------------------+-------+-------+-------+-------++-------
Melee: Unarmed           |    95 |       |       |       ||    95
       Rapier            |    23 |    89 |    22 |       ||   134
       Whip              |       |       |   214 |       ||   214
       Staff             |       |       |     4 |    12 ||    16
 Cast: Sandblast         |    50 |    22 |    49 |    19 ||   140
       Stone Arrow       |     6 |    27 |   117 |    80 ||   230
       Lee's Rapid Decon |       |       |       |     3 ||     3
       Petrify           |       |       |       |     1 ||     1
Evoke: Wand              |       |       |     2 |       ||     2
  Use: Scroll            |       |    13 |     2 |       ||    15
       Potion            |       |     1 |     3 |     2 ||     6
 Stab: Sleeping          |       |     1 |     2 |       ||     3
  Eat: Chunk             |     5 |    10 |    17 |    11 ||    43
       Ration            |       |       |     1 |       ||     1
Armor: Robe              |    27 |    27 |    95 |    14 ||   163
       Skin              |       |       |     6 |       ||     6
Dodge: Dodged            |   124 |    92 |   164 |    24 ||   404
Block: Shield            |       |       |   111 |    40 ||   151

Table legend:
 A = Spawn XP
 B = Non-spawn XP
 C = Spawn XP percentage of total XP
 D = Spawn monster count
 E = Non-spawn monster count
 F = Spawn count percentage of total count
 G = Total turns spent on level
                    A         B        C        D         E        F      G
               +---------+---------+-------+---------+---------+-------+---------
         Total |       0 |   10030 |   0.0 |       0 |     258 |   0.0 | 11753
               +---------+---------+-------+---------+---------+-------+---------
           D:1 |       0 |      20 |   0.0 |       0 |      13 |   0.0 |   697
           D:2 |       0 |      69 |   0.0 |       0 |      24 |   0.0 |  1303
           D:3 |       0 |     147 |   0.0 |       0 |      26 |   0.0 |  1488
           D:4 |       0 |    1115 |   0.0 |       0 |      33 |   0.0 |  1922
           D:5 |       0 |     992 |   0.0 |       0 |      30 |   0.0 |  1325
           D:6 |       0 |     589 |   0.0 |       0 |      23 |   0.0 |   864
           D:7 |       0 |    1190 |   0.0 |       0 |      19 |   0.0 |   926
           D:8 |       0 |    2002 |   0.0 |       0 |      35 |   0.0 |   971
           D:9 |       0 |    1713 |   0.0 |       0 |      40 |   0.0 |  1854
        Lair:1 |       0 |    2193 |   0.0 |       0 |      15 |   0.0 |   403
               +---------+---------+-------+---------+---------+-------+---------
